 Dungeon Crawl Stone Soup version 0.29.1-1-gd02db6906a (webtiles) character file.

Game seed: 10756058660588550026

4 karrick the Insei (level 1, 0/16 HPs)
             Began as a Meteoran Transmuter on Sept 25, 2022.
             Slain by a giant cockroach (1 damage)
             ... on level 1 of the Dungeon.
             The game lasted 00:01:36 (77 turns).

karrick the Insei (Meteoran Transmuter)               Turns: 77, Time: 00:01:37

Health: 0/16       AC:  2    Str: 11    XL:     1   Next: 85%
Magic:  5/5        EV: 12    Int: 14    God:
Gold:   19         SH:  0    Dex: 14    Spells: 4/5 levels left

rFire   . . .      SeeInvis .     - Unarmed
rCold   . . .      Faith    .   (no shield)
rNeg    . . .      Spirit   .   a - +0 robe
rPois   .          Reflect  .   (no helmet)
rElec   .          Harm     .   (no cloak)
rCorr   .          Rampage  .   (no gloves)
Will    .....                   (no boots)
Stlth   +.........              (no amulet)
HPRegen 0.05/turn               (no ring)
MPRegen 0.09/turn               (no ring)

@: glowing
A: sense surroundings 1, otherworldly, glowing, explore regen
a: no special abilities


You were on level 1 of the Dungeon.
You visited 1 branch of the dungeon, and saw 1 of its levels.

You collected 19 gold pieces.

Inventory:

Armour
 a - a +0 robe (worn)
Scrolls
 c - a scroll of teleportation {unknown}
Potions
 b - a potion of lignification
 d - a potion of heal wounds {unknown}


   Skills:
 + Level 1.1 Fighting
 + Level 2.4 Dodging
 + Level 3.8 Unarmed Combat
 + Level 2.7 Spellcasting
 + Level 2.5 Transmutations


You had 4 spell levels left.
You knew the following spells:

 Your Spells              Type           Power      Damage    Failure   Level
a - Beastly Appendage     Tmut           18%        N/A       8%          1

Your spell library contained the following spells:

 Spells                   Type           Power      Damage    Failure   Level
 Wereblood                Tmut           9%         N/A       12%         2
 Spider Form              Tmut/Pois      5%         N/A       36%         3
 Ice Form                 Ice/Tmut       5%         N/A       78%         4


Dungeon Overview and Level Annotations

Branches:
Dungeon (1/15) Zot: 523

Altars:


Innate Abilities, Weirdness & Mutations

You passively map a small area around you.
You are easily found by Zot.
You glow in the dark.
You regain HP and MP as you explore.


Message History

You are too injured to fight recklessly!
Unknown command.
No command named 'CMD_MOVE_NOWHERE' Welcome back, karrick the Meteoran Transmuter.
Press ? for a list of commands and other information.
No command named 'CMD_MOVE_NOWHERE' Welcome back, karrick the Meteoran Transmuter.
Press ? for a list of commands and other information.
The rat attacks as you move away! The rat closely misses you.
Your transformation is almost over.
The rat attacks as you move away! The rat bites you.
The giant cockroach bites you.
* * * LOW HITPOINT WARNING * * *
The giant cockroach attacks as you move away!
The giant cockroach barely misses you.
The kobold throws a stone.
The stone hits you but does no damage. The giant cockroach bites you.
* * * LOW HITPOINT WARNING * * *
The giant cockroach attacks as you move away!
The giant cockroach misses you.
The giant cockroach attacks as you move away!
The giant cockroach barely misses you. The rat attacks as you move away!
The rat closely misses you. The giant cockroach closely misses you.
The giant cockroach attacks as you move away!
The giant cockroach closely misses you. The rat attacks as you move away!
The rat closely misses you.
Your horns disappear.
Your talons disappear.
The giant cockroach attacks as you move away!
The giant cockroach bites you but does no damage.
A goblin comes into view. It is wielding a +0 dagger.
The goblin shouts!
The giant cockroach attacks as you move away!
The giant cockroach bites you but does no damage.
The giant cockroach bites you.
* * * LOW HITPOINT WARNING * * *
The giant cockroach attacks as you move away!
The giant cockroach misses you.
The giant cockroach attacks as you move away!
The giant cockroach bites you.
You die...

) #........## #.<..# ,
., ##.....####*#...## ,
,*
.#######...>....#.....#*
,
...........####.#....##
, *
................##...# ,
, ................##..##
................#...#
..............r.#..# *
......†....####B@..#*>
...........# #...##** ,
...........# #g###
...........# #.. ,
############ #.# * * #.#
#.# #.*


You could see a giant cockroach, a goblin and a rat.

Vanquished Creatures
  A hobgoblin (D:1)
  2 ball pythons (D:1)
  2 bats (D:1)
5 creatures vanquished.

Notes
Turn   | Place    | Note
-------+----------+-------------------------------------------
     0 | D:1      | karrick the Meteoran Transmuter began the quest for the
                  | Orb.
     0 | D:1      | Reached XP level 1. HP: 16/16 MP: 5/5
    77 | D:1      | Slain by a giant cockroach

Illustrated notes

Levels and vault maps discovered:
D:1:      dpeg_arrival_long_road, layout_basic, serial_shops, shop,
          minmay_close_crescents

Action                   || total
-------------------------++-------
Melee: Unarmed           ||    14
       Kick              ||     2
       Headbutt          ||     2
 Cast: Beastly Appendage ||     3
Armor: Robe              ||     9
Dodge: Dodged            ||    20
